 Dungeon Crawl Stone Soup version 0.16-a0-4092-gb8933cd (webtiles) character file.

176 dithyrambik the Shooter (level 5, -3/41 HPs)
             Began as a Centaur Hunter on Feb 24, 2015.
             Slain by an orc priest
             ... wielding a +0 trident
              (4 damage)
             ... on level 3 of the Dungeon.
             The game lasted 00:18:41 (3809 turns).

dithyrambik the Shooter (Centaur Hunter)            Turns: 3809, Time: 00:18:41

Health: -3/41      AC:  5    Str: 18    XL:     5   Next: 30%
Magic:  4/4        EV: 14    Int: 11    God:
Gold:   127        SH:  0    Dex: 15    Spells: 0 memorised, 4 levels left

rFire  . . .     SeeInvis .     b - +1 shortbow
rCold  . . .     Clarity  .     d - +0 leather armour
rNeg   . . .     SustAb   .     (no shield)
rPois  .         Gourm    .     (no helmet)
rElec  .         Spirit   .     v - +0 cloak
rCorr  .         Warding  .     (no gloves)
rMut   .         Stasis   +     (no barding)
MR     .....                    w - amulet of stasis
Stlth  +++.......               m - ring of stealth
                                p - +4 ring of strength

@: agile, very quick, not resistant to hostile enchantments, fairly stealthy
A: hooves 3, deformed body, speed 2, tough skin 3
a: no special abilities


You were on level 3 of the Dungeon.
You were not hungry.

You visited 1 branch of the dungeon, and saw 3 of its levels.

You collected 127 gold pieces.

Inventory:

Hand weapons
 a - a +0 short sword
 b - a +1 shortbow (weapon)
 i - a +0 dagger of venom
 q - a +2 short sword of venom
 u - a -2 short sword
Missiles
 c - 22 arrows (quivered)
Armour
 d - a +0 leather armour (worn)
 k - a +0 leather armour
 n - a +0 large shield
 v - a +0 cloak (worn)
Jewellery
 m - a ring of stealth (right hand)
 p - a +4 ring of strength (left hand)
 w - an amulet of stasis (around neck)
Scrolls
 h - a scroll of fog
 y - a scroll of identify
 z - a scroll of remove curse
Potions
 e - a potion of invisibility
 j - 3 potions of haste
 o - a potion of magic
 r - a potion of restore abilities {unknown}
Comestibles
 f - 4 bread rations
 g - a beef jerky
 s - a royal jelly
 t - 2 fruits
 x - a meat ration


   Skills:
 - Level 2.0 Fighting
 - Level 1.0 Short Blades
 + Level 7.5 Bows
 - Level 1.9 Armour
 - Level 1.3 Dodging
 - Level 0.5 Stealth


You had 4 spell levels left.
You didn't know any spells.

Dungeon Overview and Level Annotations

Branches:
Dungeon (3/15)

Altars:
Cheibriados
Nemelex Xobeh


Innate Abilities, Weirdness & Mutations

You have hooves in place of feet.
Armour fits poorly on your strangely shaped body.
You cover ground very quickly.
You have extremely tough skin (AC +3).


Message History

You bump into the rock wall.
The orc wizard hits you but does no damage.
The orc wizard closely misses you.
You bump into the rock wall.
The orc priest barely misses you.
The orc wizard looks braver.
You bump into the rock wall.
You feel less confused. The orc wizard casts a spell at you.
The puff of frost misses you.
The orc priest invokes the aid of Beogh against you.
Something smites you!
* * * LOW HITPOINT WARNING * * *
The orc wizard barely misses you. The orc wizard hits you with a dagger.
* * * LOW HITPOINT WARNING * * *
Drink which item? (? for menu, Esc to quit)
It was a potion of agility.
You feel agile all of a sudden.
The orc wizard hits you but does no damage.
The orc priest hits you from afar with a trident.
You die...

..(. #....## .....
########....# ......
#...........## .(.....
#.######...†.. .....((
#.# #.#..##
....%..####.######.#..#
#......o(...........#..#
#...oo###.########..#
#.###@......# ....
#.###)#.# ###.## #.#
#.#... #.# ..# #.# ###
#.# .### #.. #. ### #


You could see an orc priest and 2 orc wizards.

Vanquished Creatures
  An orc wizard (D:3)
  5 adders
  A giant mite (D:1)
  4 worms (D:2)
  4 giant geckos
  An ooze (D:1)
  5 orcs (D:3)
  A ball python (D:2)
  8 bats
  3 giant cockroaches (D:3)
  7 hobgoblins
  7 kobolds
  2 quokkas (D:2)
  3 giant newts (D:2)
  5 goblins
  3 rats
60 creatures vanquished.

Notes
Turn   | Place    | Note
--------------------------------------------------------------
     0 | D:1      | dithyrambik, the Centaur Hunter, began the quest for the Orb.
     0 | D:1      | Reached XP level 1. HP: 17/17 MP: 1/1
   465 | D:1      | Reached skill level 6 in Bows
   465 | D:1      | Reached XP level 2. HP: 24/24 MP: 2/2
  1244 | D:2      | Reached XP level 3. HP: 26/29 MP: 3/3
  1726 | D:2      | Found a sparkling altar of Nemelex Xobeh.
  2003 | D:2      | Reached skill level 1 in Armour
  2249 | D:2      | Reached XP level 4. HP: 29/36 MP: 3/3
  2406 | D:2      | Reached skill level 7 in Bows
  2515 | D:2      | Found a snail-covered altar of Cheibriados.
  3080 | D:3      | Reached skill level 1 in Short Blades
  3080 | D:3      | Reached XP level 5. HP: 18/41 MP: 4/4
  3808 | D:3      | HP: 1/41 [orc wizard/dagger (4)]
  3809 | D:3      | Slain by an orc priest

Action                   |  1- 3 |  4- 6 || total
-------------------------+-------+-------++-------
Melee: Short sword       |    68 |     5 ||    73
       Dagger            |    20 |    60 ||    80
 Fire: Shortbow          |    65 |    13 ||    78
  Use: Scroll            |     4 |     2 ||     6
       Potion            |       |     5 ||     5
 Stab: Sleeping          |       |     2 ||     2
  Eat: Chunk             |     3 |     4 ||     7
